cohdb
Replays
Latest Replays
All Replays
Popular Replays
Top Player Replays
Match Explorer
How It Works
Community
CoH3 Stats
Reddit
Sign in to upload your games and track your stats! →
Sign in with Steam
Match 47208862
Unlisted
Match 47208862
Overview
Messages
Build Orders
End
Kradschützen Motorcycle Team
Panzergrenadier Squad
250 Light Carrier
Selects Italian Infantry
Construct Light Support Kompanie
Combat Half-tracks
MG34 Team
2.5-tonne Medical Truck
Construct Mechanized Kompanie
Forward Retreat Point
Veteran Squad Leaders
Selects Guastatori Squad
Guastatori Squad
Guastatori Squad
Marder III Tank Destroyer
~TAB~ THUND3RCHUNKY
Seraphina
Keweseki
issoman
0
0
Comments
sign in to comment!
No comments posted yet!